AoeStats
← JellyGolem

Arabia

509242832Analyzed
1v1 RM · 8d ago on Sep 26, 2026· 36m 56s· 2 players
Game mode
Random Map
Map size
Tiny (2 player)
Population
200
Speed
Normal
Resources
Standard
Victory
Conquest
Starting age
Dark Age
Ending age
Imperial Age
RankedLock teamsTeams togetherTeam positionsShared explorationLock speedFull tech treeHidden civsTurbo modeCheats
Victory
Defeat
🇺🇸 Aztecs · United States
954
+46
🇺🇸 Khmer · United States
956
-16
JellyGolem
8:26 Loom
10:47 Feudal Age
12:40 Forging
12:31 Scale Mail Armor
13:38 Arson
15:10 Horse Collar
15:51 Double-Bit Axe
19:55 Wheelbarrow
24:58 Castle Age
22:59 Fletching
24:31 Gold Mining
25:10 Eagle Warrior
26:12 Chain Mail Armor
35:07 Hand Cart
34:39 Town Watch
covrona
9:26 Loom
11:56 Feudal Age
13:18 Horse Collar
13:25 Double-Bit Axe
15:06 Bloodlines
21:10 Castle Age
21:48 Wheelbarrow
20:59 Town Watch
28:02 Bow Saw
29:16 Heavy Plow
32:10 Hand Cart
33:38 Hand Cart
Connection lost

Rejoining the realm…

Still unreachable

The connection could not be restored.

Session expired

The server has moved on; the page needs a fresh start.